 Dungeon Crawl Stone Soup version 0.29-a0-563-g64e4043184 (webtiles) character file.

Game seed: 11456330874672876450

2207 spaghetti the Fighter (level 9, -10/136 HPs)
             Began as an Ogre Berserker on June 12, 2022.
             Was a Believer of Trog.
             Mangled by Joseph
             ... wielding a +0 quarterstaff
              (12 damage)
             ... on level 7 of the Dungeon.
             The game lasted 00:10:09 (8480 turns).

spaghetti the Fighter (Ogre Berserker)              Turns: 8480, Time: 00:10:10

Health: -10/136    AC:  7    Str: 27    XL:     9   Next: 34%
Magic:  9/9        EV: 11    Int: 16    God:    Trog [**....]
Gold:   352        SH:  0    Dex: 10    Spells: 8/8 levels left

rFire   . . .      SeeInvis .   n - +1 dagger (venom) {short}
rCold   . . .      Faith    .   (no shield)
rNeg    . . .      Spirit   .   H - +0 acid dragon scales
rPois   .          Reflect  .   (helmet restricted)
rElec   .          Harm     .   (no cloak)
rCorr   +          Rampage  .   (gloves unavailable)
Will    .....                   (boots unavailable)
Stlth   ..........              m - amulet of magic regeneration {@e2}
HPRegen 0.32/turn               k - +6 ring of intelligence
MPRegen 0.51/turn               (no ring)

@: berserking, very quick
A: large, unfitting armour, tough skin 1, clever 1, frail 1, strong 1
a: Renounce Religion, Berserk, Trog's Hand


You were on level 7 of the Dungeon.
You worshipped Trog.
Trog was pleased with you.
You visited 1 branch of the dungeon, and saw 7 of its levels.

You collected 352 gold pieces.


Innate Abilities, Weirdness & Mutations

You are too large for most types of armour.
You have tough skin. (AC +1)
Your mind is acute. (Int +2)
You are frail. (-10% HP)
Your muscles are strong. (Str +2)


   Skills:
 + Level 10.4 Fighting
 + Level 6.9 Throwing
 + Level 6.4 Dodging
 - Level 3.0 Unarmed Combat


You had 8 spell levels left.
You didn't know any spells.
Your spell library contained the following spells:

 Spells                   Type           Power      Damage    Failure   Level
 Apportation              Tloc           0%         N/A       30%         1
 Ozocubu's Armour         Ice            0%         N/A       67%         3
 Stone Arrow              Conj/Erth      0%         3d7       67%         3
 Animate Armour           Summ/Erth      0%         N/A       97%         4
 Alistair's Intoxication  Tmut/Pois      0%         N/A       100%        5
 Ozocubu's Refrigeration  Ice            0%         4d5       100%        7
 Lehudib's Crystal Spear  Conj/Erth      0%         10d2      100%        8

Inventory:

Hand Weapons
 c - a +0 dagger {short}
   (You took it off a goblin on level 1 of the Dungeon)
 d - a +0 dagger {short}
   (You took it off a kobold on level 1 of the Dungeon)
 g - a +1 quarterstaff of draining {staff}
   (You found it on level 1 of the Dungeon)
 n - a +1 dagger of venom (weapon) {short}
   (You found it on level 2 of the Dungeon)
Missiles
 i - 184 stones (quivered) {throwing}
 s - a throwing net {=f!fthrowing}
 u - a curare-tipped dart {=fthrowing}
 x - 3 boomerangs of dispersal {=f!fthrowing}
 y - 2 boomerangs {throwing}
Armour
 a - a +0 animal skin
 H - +0 acid dragon scales (worn)
   (You took it off Maggie on level 6 of the Dungeon)
Jewellery
 k - a +6 ring of intelligence (left hand)
   (You found it on level 2 of the Dungeon)
 m - an amulet of magic regeneration (around neck) {@e2}
   (You found it on level 2 of the Dungeon)
Wands
 o - a wand of charming (7)
   (You found it on level 3 of the Dungeon)
 E - a wand of iceblast (7)
   (You took it off Ijyb on level 5 of the Dungeon)
Scrolls
 b - 10 scrolls of identify {unknown}
 f - 2 scrolls of enchant armour {unknown}
 h - a scroll of summoning {unknown}
 p - a scroll of fog {unknown}
 t - a scroll of enchant weapon {unknown}
 v - a scroll of fear {unknown}
 w - 5 scrolls of teleportation {unknown}
 z - 2 scrolls of poison {unknown}
 B - a scroll of magic mapping {unknown}
 C - a scroll of silence {unknown}
 G - a scroll of amnesia {unknown}
 I - a scroll of noise {unknown}
Potions
 e - a potion of haste {@q3}
 j - 3 potions of flight
 l - 2 potions of curing {@q1}
 q - 4 potions of heal wounds {@q2}
 r - a potion of mutation {!q}
 A - 3 potions of attraction {!q}
 F - 2 potions of brilliance {unknown}

Dungeon Overview and Level Annotations

Branches:
Dungeon (7/15)
 Temple: D:4-7

Altars:
Ashenzari
Fedhas
Gozag
Kikubaaqudgha
Sif Muna
Trog
Wu Jian
Beogh

Annotations:
D:4 3 runed translucent doors, SuperHamster's ghost, amateur OpCj
D:7 Joseph

......###.....# ..
..............# ..
.......#......# .#
..............####.####
....................$..
................/.#
.>............#..##
..............##.####...
............####@oK.....
............# #@.......
#..........## #........
#..........# #........
############ #########


You could see Joseph (fast, extremely poisoned), an orc and a kobold.


Message History

Joseph, a Mercenary comes into view.
He is wielding a +0 quarterstaff.
Joseph shouts!
You hear a shout! x2
Joseph drinks a potion.
Joseph seems to speed up.
You hear a shout! x2
You hear a shout!
Joseph unwields a +0 quarterstaff.
Joseph wields a +0 hunting sling.
Joseph shoots a sling bullet.
The sling bullet hits you!
Joseph tries to grin evilly.
Joseph shoots a sling bullet.
The sling bullet closely misses you.
You hear a shout! 😕 HP[-9]
You take 9 damage, and now have 82/91 hp.
Unknown command.
You are too injured to fight recklessly!
You are too injured to fight recklessly!
You are too injured to fight recklessly!
You are too injured to fight recklessly!
You are too injured to fight recklessly!
You are too injured to fight recklessly!
You are too injured to fight recklessly!
You are too injured to fight recklessly!
You are too injured to fight recklessly!
You are too injured to fight recklessly!
You are too injured to fight recklessly!
You are too injured to fight recklessly!
You are too injured to fight recklessly!
You are too injured to fight recklessly!
You are too injured to fight recklessly!
An orc comes into view. It is wielding a +0 hand axe.
Joseph shoots a sling bullet.
The sling bullet hits you. 😕 HP[-6]
You take 6 damage, and now have 76/91 hp.
Joseph says, "I'm happy to see you. And I'll be happy to kill you."
Joseph unwields a +0 hunting sling.
Joseph wields a +0 quarterstaff.
Joseph hits you with a +0 quarterstaff! 😮 HP[-8]
You take 8 damage, and now have 68/91 hp.
You barely miss Joseph.
Joseph hits you with a +0 quarterstaff. 😮 HP[-5]
You take 5 damage, and now have 63/91 hp.
You hit Joseph.
Joseph hits you with a +0 quarterstaff! 😮 HP[-12]
You take 12 damage, and now have 51/91 hp.
A red film seems to cover your vision as you go berserk!
You feel yourself moving faster!
You feel mighty! Joseph hits you with a +0 quarterstaff!
* * * LOW HITPOINT WARNING * * *
The orc hits you but does no damage. Joseph misses you. 😨 HP[+12]
You now have 136 max hp (+45).
You regained 12 hp, and now have 63/136 hp.
You hit Joseph.
Joseph is poisoned.
The orc misses you. Joseph hits you with a +0 quarterstaff!
* * * LOW HITPOINT WARNING * * *
😨 HP[-14]
You take 14 damage, and now have 49/136 hp.
You closely miss Joseph. Joseph barely misses you.
The orc hits you but does no damage.
You closely miss Joseph. Joseph hits you with a +0 quarterstaff!
* * * LOW HITPOINT WARNING * * *
😨 HP[-11]
You take 11 damage, and now have 38/136 hp.
You puncture Joseph!
Joseph looks as sick as possible!
Joseph hits you with a +0 quarterstaff!
* * * LOW HITPOINT WARNING * * *
A kobold comes into view. It is wielding a +0 dagger.
The orc hits you with a +0 hand axe.
* * * LOW HITPOINT WARNING * * *
😱 HP[-13]
You take 13 damage, and now have 25/136 hp.
You barely miss Joseph. Joseph hits you with a +0 quarterstaff!
* * * LOW HITPOINT WARNING * * *
The orc barely misses you. 😱 HP[-7]
You take 7 damage, and now have 18/136 hp.
You puncture Joseph!
Joseph looks as sick as possible!
Joseph hits you with a +0 quarterstaff.
* * * LOW HITPOINT WARNING * * *
😱 HP[-5]
You take 5 damage, and now have 13/136 hp.
You completely miss Joseph. Joseph hits you with a +0 quarterstaff.
* * * LOW HITPOINT WARNING * * *
The orc barely misses you. 😱 HP[-5]
You take 5 damage, and now have 8/136 hp.
You hit Joseph.
Joseph looks as sick as possible!
Joseph barely misses you. The orc hits you with a +0 hand axe.
* * * LOW HITPOINT WARNING * * *
😱 HP[-4]
You take 4 damage, and now have 4/136 hp.
You puncture Joseph! Joseph hits you with a +0 quarterstaff.
* * * LOW HITPOINT WARNING * * *
😱 HP[-2]
You take 2 damage, and now have 2/136 hp.
Unknown command.
You barely miss Joseph.
Joseph says, "You will never get the ORB, sorry."
Joseph hits you with a +0 quarterstaff!
You die...

Skill      XL: |  1  2  3  4  5  6  7  8  9 |
---------------+----------------------------+-----
Unarmed Combat | 3 |  3.0
Fighting       | 5 6 7 8 9 10 | 10.4
Throwing       | 1 2 3 4 6 |  6.9
Dodging        | 3 4 5 6 |  6.4

Action                   |  1- 3 |  4- 6 |  7- 9 || total
-------------------------+-------+-------+-------++-------
Melee: Unarmed           |    44 |       |       ||    44
       Quarterstaff      |    51 |       |       ||    51
       Dagger            |    15 |   129 |   335 ||   479
       Punch             |       |     3 |    10 ||    13
Throw: Stone             |    12 |       |     5 ||    17
Invok: Berserk           |     1 |     4 |    12 ||    17
       Trog's Hand       |       |     1 |     3 ||     4
Evoke: Wand              |       |       |     3 ||     3
  Use: Potion            |       |       |     8 ||     8
 Stab: Invisible         |       |       |     2 ||     2
Armor: Animal skin       |    23 |    35 |    72 ||   130
       Acid dragon scale |       |       |    50 ||    50
Dodge: Dodged            |    51 |    61 |   268 ||   380

Levels and vault maps discovered:
D:1:      tarquinn_simple_flora_water_e, layout_loops_ring,
          nicolae_ecumenical_lake_church
D:2:      layout_basic
D:3:      layout_basic, fedhas_altar_1, nzn_wu_jian_council_hall
D:4:      layout_rooms, mainiacjoe_overflow_boulevard, ashenzari_altar_1,
          biasface_ghost_orc_armoury, supply_closet_lemuel,
          chequers_serial_rivers_marsh, uniq_duvessa
D:5:      layout_gridville, nicolae_gozag_cash_rules_everything_around_me,
          mainiacjoe_overflow_small_starburst, uniq_ijyb, uniq_edmund
D:6:      layout_rooms, old_standard_altar, uniq_maggie, uniq_eustachio,
          uniq_grinder
D:7:      layout_rooms, nicolae_vehumet_altar_sigil, minmay_temple_entry_grid,
          nrook_loot_triangle, uniq_joseph

Notes
Turn   | Place    | Note
-------+----------+-------------------------------------------
     0 | D:1      | spaghetti the Ogre Berserker began the quest for the Orb.
     0 | D:1      | Reached XP level 1. HP: 24/24 MP: 1/1
     0 | D:1      | magus.rc [v1.9.6]
   430 | D:1      | Reached skill level 3 in Unarmed Combat
   430 | D:1      | Reached XP level 2. HP: 31/33 MP: 2/2
   499 | D:1      | Found a faded altar of an unknown god.
  1212 | D:2      | Reached skill level 5 in Fighting
  1212 | D:2      | Reached XP level 3. HP: 30/42 MP: 3/3
  1424 | D:2      | You add the spells Ozocubu's Armour and Ozocubu's
                  | Refrigeration to your library.
  1544 | D:2      | Reached skill level 1 in Throwing
  2009 | D:2      | Reached ** piety under Trog
  2539 | D:3      | Found an ornate altar of the Wu Jian Council.
  2566 | D:3      | Reached XP level 4. HP: 49/50 MP: 4/4
  2834 | D:3      | Reached skill level 2 in Throwing
  2892 | D:3      | Found a blossoming altar of Fedhas.
  2945 | D:3      | Noticed a kobold brigand
  2959 | D:3      | HP: 8/52 [kobold brigand/+0 short sword (8)]
  2962 | D:3      | Killed a kobold brigand
  2963 | D:3      | Reached skill level 6 in Fighting
  2963 | D:3      | Reached XP level 5. HP: 7/61 MP: 5/5
  3530 | D:4      | Reached skill level 3 in Throwing
  3531 | D:4      | Reached skill level 3 in Dodging
  3531 | D:4      | Reached XP level 6. HP: 59/68 MP: 6/6
  3783 | D:4      | Noticed Duvessa
  3786 | D:4      | Noticed Dowan
  3798 | D:4      | Killed Duvessa
  3799 | D:4      | Reached skill level 7 in Fighting
  3803 | D:4      | Killed Dowan
  4139 | D:4      | Found a runed translucent gate.
  4139 | D:4      | Identified the +1 whip "Pati" {vorpal, Stlth+}
  4139 | D:4      | Noticed SuperHamster's ghost (amateur OpCj)
  4140 | D:4      | Found a runed translucent gate.
  4141 | D:4      | Found a runed translucent gate.
  4225 | D:4      | Reached XP level 7. HP: 67/78 MP: 7/7
  4343 | D:4      | Found a broken altar of Ashenzari.
  4410 | D:4      | Reached skill level 4 in Throwing
  4410 | D:4      | Found a bloodstained altar of Trog.
  4418 | D:4      | Reached skill level 4 in Dodging
  4759 | D:5      | Entered Level 5 of the Dungeon
  4998 | D:5      | You pick up a book of Armaments {forbidden} and begin
                  | reading...
  4998 | D:5      | You add the spells Stone Arrow, Animate Armour and
                  | Lehudib's Crystal Spear to your library.
  5117 | D:5      | Noticed Edmund
  5135 | D:5      | Killed Edmund
  5136 | D:5      | Reached skill level 8 in Fighting
  5466 | D:5      | HP: 30/120 [black bear (2)]
  5742 | D:5      | Noticed Ijyb
  5743 | D:5      | Found a shimmering blue altar of Sif Muna.
  5756 | D:5      | Killed Ijyb
  5921 | D:5      | Reached XP level 8. HP: 51/89 MP: 8/8
  6234 | D:5      | Found an opulent altar of Gozag.
  6380 | D:6      | Reached skill level 5 in Throwing
  6402 | D:6      | HP: 20/89 [something (6)]
  6407 | D:6      | HP: 22/89 [orc/+0 club (3)]
  6732 | D:6      | Reached skill level 5 in Dodging
  6794 | D:6      | Noticed Maggie
  6815 | D:6      | Killed Maggie
  6816 | D:6      | Reached skill level 9 in Fighting
  7001 | D:6      | Found an ancient bone altar of Kikubaaqudgha.
  7273 | D:6      | Noticed Grinder
  7288 | D:6      | Killed Grinder
  7289 | D:6      | Reached skill level 6 in Throwing
  7297 | D:6      | Reached XP level 9. HP: 101/101 MP: 9/9
  7389 | D:6      | Noticed Eustachio
  7420 | D:6      | Killed Eustachio
  7421 | D:6      | Reached skill level 10 in Fighting
  7421 | D:6      | Reached skill level 6 in Dodging
  8118 | D:7      | HP: 23/101 [iguana (8)]
  8123 | D:7      | Gained mutation: Your muscles are strong. (Str +2) [potion
                  | of mutation]
  8123 | D:7      | Gained mutation: You are frail. (-10% HP) [potion of
                  | mutation]
  8123 | D:7      | Gained mutation: Your mind is acute. (Int +2) [potion of
                  | mutation]
  8128 | D:7      | HP: 19/90 [iguana (11)]
  8135 | D:7      | HP: 20/91 [orc/+0 trident (3)]
  8456 | D:7      | You pick up a book of Party Tricks {forbidden} and begin
                  | reading...
  8456 | D:7      | You add the spells Apportation and Alistair's Intoxication
                  | to your library.
  8464 | D:7      | Noticed Joseph
  8474 | D:7      | HP: 30/136 [Joseph/+0 quarterstaff (8)]
  8476 | D:7      | HP: 13/136 [Joseph/+0 quarterstaff (5)]
  8478 | D:7      | HP: 4/136 [orc/+0 hand axe (4)]
  8480 | D:7      | Mangled by Joseph

Vanquished Creatures
  Maggie (D:6)
  Grinder (D:6)
  Eustachio (D:6)
  Edmund (D:5)
  Duvessa (D:4)
  A black bear (D:5)
  An orc warrior (D:7)
  A sky beast (D:6)
  2 ogres
  A centaur (D:7)
  A phantom (D:6)
  A kobold brigand (D:3)
  2 scorpions
  Dowan (D:4)
  2 orc priests
  2 hounds (D:6)
  Ijyb (D:5)
  6 iguanas
  3 orc wizards
  10 adders
  2 white imps
  3 worms
  3 dart slugs
  23 orcs
  10 endoplasms
  2 giant cockroaches
  9 goblins
  3 hobgoblins
  7 kobolds
  5 quokkas
  7 ball pythons
  4 bats
  2 frilled lizards
  5 rats
125 creatures vanquished.

Vanquished Creatures (others)
  2 plants (D:4)
2 creatures vanquished.

Grand Total: 127 creatures vanquished

Table legend:
 A = Non-vault XP
 B = Vault XP
 C = Vault XP percentage of total XP
 D = Non-vault monster count
 E = Vault monster count
 F = Vault count percentage of total count
                 A         B        C        D         E       F
            +---------+---------+-------+---------+---------+-------
      Total |    1913 |    1240 |  39.3 |     118 |       7 |   5.6
            +---------+---------+-------+---------+---------+-------
        D:1 |      27 |       0 |   0.0 |      16 |       0 |   0.0
        D:2 |      48 |       0 |   0.0 |      19 |       0 |   0.0
        D:3 |     158 |       0 |   0.0 |      16 |       0 |   0.0
        D:4 |     370 |     204 |  35.5 |      24 |       2 |   7.7
        D:5 |     208 |     204 |  49.5 |       6 |       2 |  25.0
        D:6 |     562 |     832 |  59.7 |      19 |       3 |  13.6
        D:7 |     540 |       0 |   0.0 |      18 |       0 |   0.0
            +---------+---------+-------+---------+---------+-------

Illustrated notes

Table legend:
 A = Kills in this place as a percentage of kills in entire the game.
 B = Kills by you in this place as a percentage of kills by you in the entire game.
 C = Kills by friends in this place as a percentage of kills by friends in the entire game.
 D = Other kills in this place as a percentage of other kills in the entire game.
 E = Experience gained in this place as a percentage of experience gained in the entire game.
 F = Experience gained in this place divided by the number of levels of this place that you have seen.
                   A       B       C       D       E      F
               +-------+-------+-------+-------+-------+----------------------
         Total | 100.0 | 100.0 |   N/A |   N/A | 100.0 | 450.4
       Dungeon | 100.0 | 100.0 |   N/A |   N/A | 100.0 | 450.4
               +-------+-------+-------+-------+-------+----------------------

Table legend: (Time is in decaauts)
 A = Elapsed time spent in this place.
 B = Non-inter-level travel time spent in this place.
 C = Inter-level travel time spent in this place.
 D = Time resting spent in this place.
 E = Time spent auto-exploring this place.
 F = Levels seen in this place.
 G = Mean time per level.
                   A        B        C        D        E       F      G
               +--------+--------+--------+--------+--------+-----+--------+
         Total |   8620 |   8387 |    233 |    146 |   7140 |   7 | 1231.4 |
       Dungeon |   8620 |   8387 |    233 |    146 |   7140 |   7 | 1231.4 |
               +--------+--------+--------+--------+--------+-----+--------+

Top non-repeatable levels by time:
     D:5: 1620 daAuts
     D:6: 1575 daAuts
     D:2: 1279 daAuts
     D:4: 1265 daAuts
     D:3: 1185 daAuts
     D:1: 1101 daAuts
     D:7: 592 daAuts
